 Dungeon Crawl Stone Soup version 0.30-a0-585-g93115170b9 (webtiles) character file.

Game seed: 8232609735673517476

265 greenreed the Trooper (level 6, -2/67 HPs)
             Began as an Ogre Berserker on Jan 1, 2023.
             Was a Priest of Trog.
             Slain by an ogre
             ... wielding a +0 giant club
              (14 damage)
             ... on level 4 of the Dungeon.
             The game lasted 00:05:45 (2704 turns).

greenreed the Trooper (Ogre Berserker)              Turns: 2704, Time: 00:05:46

Health: -2/67      AC:  6    Str: 24    XL:     6   Next: 20%
Magic:  6/6        EV: 10    Int:  8    God:    Trog [***...]
Gold:   177        SH:  0    Dex:  8    Spells: 5/5 levels left

rFire   . . .      SeeInvis .    n - +3 hammer (venom)
rCold   . . .      Faith    .    (no shield)
rNeg    . . .      Spirit   .    b - +0 animal skin
rPois   .          Reflect  .    (helmet restricted)
rElec   .          Harm     .    m - +2 cloak
rCorr   .          Rampage  .    (gloves unavailable)
Will    .....                    (boots unavailable)
Stlth   +                        (no amulet)
HPRegen 0.31/turn                (no ring)
MPRegen 0.10/turn                (no ring)

@: no status effects
A: large, unfitting armour, tough skin 1
a: Renounce Religion, Berserk, Trog's Hand


You were on level 4 of the Dungeon.
You worshipped Trog.
Trog was most pleased with you.
You visited 1 branch of the dungeon, and saw 4 of its levels.

You collected 177 gold pieces.

Inventory:

Hand Weapons
 a - a +0 mace
 n - a +3 hammer of venom (weapon)
Armour
 b - a +0 animal skin (worn)
 m - a +2 cloak (worn)
Wands
 r - a wand of polymorph (1)
Scrolls
 c - a scroll of teleportation {unknown}
 d - a scroll of blinking {unknown}
 e - a scroll of identify {unknown}
 f - a scroll of enchant weapon {unknown}
 g - 2 scrolls of fog {unknown}
 h - 3 scrolls of enchant armour {unknown}
 p - a scroll of immolation {unknown}
 q - a scroll of butterflies {unknown}
Potions
 i - a potion of might {unknown}
 j - 2 potions of mutation {unknown}
 k - 2 potions of magic {unknown}
 l - a potion of flight {unknown}
 o - a potion of haste {unknown}
 s - a potion of curing {unknown}


   Skills:
 * Level 5.8 Fighting
 * Level 4.8 Maces & Flails
 + Level 3.3 Dodging
 + Level 0.5 Stealth


You had 5 spell levels left.
You didn't know any spells.
Your spell library was empty.

Dungeon Overview and Level Annotations

Branches:
Dungeon (4/15)
 Temple: D:4-7

Altars:
Xom


Innate Abilities, Weirdness & Mutations

You are too large for most types of armour.
You have tough skin. (AC +1)


Message History

Trog accepts your kill.
A worm comes into view.
You sock the worm!
The worm is poisoned.
The worm is heavily wounded.
The worm bites you!
You completely miss the worm.
The worm is moderately wounded.
You sock the worm!
The worm looks as sick as possible!
The worm is almost dead.
You kill the worm!
Trog accepts your kill.
No target in view!
HP restored.
An ufetubus comes into view.
The ufetubus shouts!
You hear a shout!
You miss the ufetubus.
The ufetubus hits you but does no damage. x3
The ufetubus misses you.
You sock the ufetubus!
You kill the ufetubus!
Trog accepts your kill.
No target in view!
An ogre comes into view. It is wielding a +0 giant club.
The ogre shouts!
You sock the ogre!
The ogre is poisoned.
The ogre is heavily wounded.
The ogre hits you with a +0 giant club!!
You completely miss the ogre.
The ogre is heavily wounded.
The ogre closely misses you.
You closely miss the ogre.
The ogre is heavily wounded.
You barely miss the ogre.
The ogre is heavily wounded.
The ogre hits you with a +0 giant club!!
* * * LOW HITPOINT WARNING * * *
You sock the ogre!
The ogre looks as sick as possible!
The ogre is severely wounded.
The ogre hits you with a +0 giant club!
You die...

....###...............
......................
.....<................
....................
.........###......#
...#......#####...# .
...#..............# ...
..
#......†...#...#..... .
#............@O...... .
#...........#........
....#........#........
...#....#.#............
...+....#.#............
#....#.#............
#.....###.... .....
....


You could see an ogre (extremely poisoned).

Vanquished Creatures
  Crazy Yiuf (D:2)
  A hound (D:3)
  Ijyb (D:3)
  Natasha (thrice) (D:2)
  An adder (D:3)
  2 ufetubi (D:4)
  3 worms
  4 dart slugs
  An orc (D:3)
  4 ball pythons
  6 bats
  9 endoplasms
  4 giant cockroaches
  7 hobgoblins
  3 jackals (D:2)
  A quokka (D:1)
  5 frilled lizards
  10 goblins
  5 kobolds
  2 rats
73 creatures vanquished.

Notes
Turn   | Place    | Note
-------+----------+-------------------------------------------
     0 | D:1      | greenreed the Ogre Berserker began the quest for the Orb.
     0 | D:1      | Reached XP level 1. HP: 24/24 MP: 1/1
   120 | D:1      | Reached XP level 2. HP: 31/32 MP: 2/2
   238 | D:1      | You fall into a shaft and drop 1 floor!
   311 | D:2      | Noticed Natasha
   321 | D:2      | Killed Natasha
   322 | D:2      | Reached XP level 3. HP: 20/41 MP: 3/3
   654 | D:1      | Reached skill level 5 in Fighting
   711 | D:1      | Found a faded altar of an unknown god.
   849 | D:1      | Reached ** piety under Trog
   850 | D:1      | Reached XP level 4. HP: 49/50 MP: 4/4
  1273 | D:2      | Found a runed translucent door.
  1274 | D:2      | Noticed Crazy Yiuf
  1281 | D:2      | Killed Crazy Yiuf
  1370 | D:2      | Found a shimmering altar of Xom.
  1572 | D:2      | Noticed Natasha
  1577 | D:2      | Killed Natasha
  1578 | D:2      | Reached XP level 5. HP: 48/57 MP: 5/5
  2029 | D:2      | Noticed Natasha
  2035 | D:2      | Killed Natasha
  2334 | D:3      | Noticed Ijyb
  2354 | D:3      | Killed Ijyb
  2355 | D:3      | Reached XP level 6. HP: 56/66 MP: 6/6
  2623 | D:4      | Reached *** piety under Trog
  2704 | D:4      | Slain by an ogre

Illustrated notes

Levels and vault maps discovered:
D:1:      sevenhm_arrival_forest_fort_small_6, layout_loops_ring,
          shapermc_ecumenical_altar_pompeii
D:2:      layout_loops_corners, basic_altar, minmay_misc_feat_enclosed,
          uniq_natasha, uniq_crazy_yiuf_cottage
D:3:      layout_rooms, uniq_ijyb
D:4:      layout_basic, mainiacjoe_overflow_cross_hatched, elyvilon_altar_5,
          uniq_pikel, uniq_eustachio, uniq_menkaure

Skill      XL: |  1  2  3  4 |
---------------+-------------+-----
Maces & Flails | 3 4 |  4.8
Dodging        | 3 |  3.3
Fighting       | 5 |  5.8
Stealth        | |  0.5

Action                   |  1- 3 |  4- 6 || total
-------------------------+-------+-------++-------
Melee: Mace              |    85 |    95 ||   180
       Punch             |     2 |     1 ||     3
       Unarmed           |       |    22 ||    22
Invok: Berserk           |       |     1 ||     1
Armor: Animal skin       |    22 |    34 ||    56
       Skin              |       |     6 ||     6
Dodge: Dodged            |    51 |    63 ||   114

Table legend: (Time is in decaauts)
 A = Elapsed time spent in this place.
 B = Non-inter-level travel time spent in this place.
 C = Inter-level travel time spent in this place.
 D = Time resting spent in this place.
 E = Time spent auto-exploring this place.
 F = Levels seen in this place.
 G = Mean time per level.
                   A        B        C        D        E       F      G
               +--------+--------+--------+--------+--------+-----+--------+
         Total |   2753 |   2697 |     56 |     39 |   2155 |   4 |  688.2 |
       Dungeon |   2753 |   2697 |     56 |     39 |   2155 |   4 |  688.2 |
               +--------+--------+--------+--------+--------+-----+--------+

Top non-repeatable levels by time:
     D:2: 1256 daAuts
     D:1: 875 daAuts
     D:3: 533 daAuts
     D:4: 88 daAuts
